 Dungeon Crawl Stone Soup version 0.29.1-2-gbd0b4ee654 (webtiles) character file.

Game seed: 13502301681550735586

634 Hadkhar the Shield-Bearer (level 7, -1/56 HPs)
             Began as a Formicid Fighter on Nov 12, 2022.
             Slain by a two-headed ogre
             ... wielding a +0 giant club
              (26 damage)
             ... on level 5 of the Dungeon.
             The game lasted 00:20:42 (4867 turns).

Hadkhar the Shield-Bearer (Formicid Fighter)        Turns: 4867, Time: 00:20:43

Health: -1/56      AC:  8    Str: 22    XL:     7   Next: 78%
Magic:  7/7        EV:  9    Int:  8    God:
Gold:   59         SH: 10    Dex: 13    Spells: 6/6 levels left

rFire   . . .      SeeInvis +   w - +2 battleaxe (vorpal)
rCold   . . .      Faith    .   c - +0 buckler
rNeg    . . .      Spirit   .   b - +0 scale mail
rPois   .          Reflect  +   (helmet unavailable)
rElec   .          Harm     .   l - +0 cloak
rCorr   .          Rampage  .   (no gloves)
Will    .....                   (no boots)
Stlth   ..........              r - amulet of reflection
HPRegen 0.18/turn               (no ring)
MPRegen 0.10/turn               (no ring)

@: mighty
A: permanent stasis, dig shafts and tunnels, antennae 3, four strong arms
a: Dig, Shaft Self


You were on level 5 of the Dungeon.
You visited 1 branch of the dungeon, and saw 5 of its levels.

You collected 239 gold pieces.
You spent 180 gold pieces at shops.

Inventory:

Hand Weapons
 a - a +0 war axe
 i - a +0 shortbow
 w - a +2 vorpal battleaxe (weapon)
Missiles
 g - 16 poisoned darts (quivered)
 u - 6 curare-tipped darts
Armour
 b - a +0 scale mail (worn)
 c - a +0 buckler (worn)
 l - a +0 cloak (worn)
Jewellery
 k - an amulet of the acrobat
 r - an amulet of reflection (around neck)
 t - a ring of fire
Scrolls
 e - 2 scrolls of fear
 h - a scroll of immolation {unknown}
 j - 2 scrolls of summoning {unknown}
 m - a scroll of blinking {unknown}
 o - a scroll of vulnerability {unknown}
 p - 2 scrolls of enchant weapon {unknown}
 q - a scroll of amnesia {unknown}
 x - a scroll of magic mapping {unknown}
Potions
 f - a potion of brilliance
 n - a potion of heal wounds
 s - a potion of mutation
 v - a potion of ambrosia {unknown}
 z - a potion of degeneration {unknown}


   Skills:
 + Level 5.4 Fighting
 + Level 4.3 Axes
 + Level 5.4 Armour
 + Level 6.4 Shields


You had 6 spell levels left.
You didn't know any spells.
Your spell library contained the following spells:

 Spells                   Type           Power      Damage    Failure   Level
 Necrotise                Necr           0%         1d4       78%         1
 Vampiric Draining        Necr           0%         2d6       98%         3
 Agony                    Necr           0%         N/A       100%        5


Dungeon Overview and Level Annotations

Branches:
Dungeon (5/15)
 Temple: D:4-7

Altars:
Xom

Shops:
D:4 *


Innate Abilities, Weirdness & Mutations

You cannot be hasted, slowed, berserked, paralysed or teleported.
You can dig through walls and to a lower floor.
You have a pair of large antennae on your head. (SInv)
Your four strong arms can wield two-handed weapons with a shield.


Message History

The scorpion is almost dead.
You block the scorpion's attack. The scorpion barely misses you.
You barely miss the scorpion.
The scorpion is almost dead.
You block the scorpion's attack. The scorpion stings you.
You slash the scorpion!
You kill the scorpion!
You start resting.
HP restored.
You open the door. You closely miss the hobgoblin.
The hobgoblin completely misses you. The hobgoblin hits you.
You slash the hobgoblin!
You kill the hobgoblin!
There is an open door here.
You see here a +0 leather armour.
There is an open door here.
Found a scroll labelled UDOZICO WIMACS.
x - a scroll labelled UDOZICO WIMACS
Found a stone staircase leading down.
Found a viscous ruby potion.
There is a stone staircase leading down here.
z - a viscous ruby potion
There is a stone staircase leading down here.
A two-headed ogre comes into view.
It is wielding a +0 giant club and a +0 giant spiked club.
The two-headed ogre shouts in stereo!
You see here an adder skeleton.
Press: ? - help, v - describe, . - travel
Here: a two-headed ogre, wielding a +0 giant club and a +0 giant spiked club The floor.
You feel very mighty all of a sudden.
You slash the two-headed ogre!
The two-headed ogre is moderately wounded.
The two-headed ogre hits you with a +0 giant club!!
Ouch! That really hurt!
You block the two-headed ogre's attack.
You slice the two-headed ogre!!
The two-headed ogre is severely wounded.
The two-headed ogre hits you with a +0 giant club!!
You die...

#.####.#.###.....#
###.####
#...)))..........#
#......#
#####.##.##......#
#.#.##.# #.)).........##
#.#....# #..#.#.#.##..#
#.###..# #..#...#.##..#
#......#
#....#.......########.##
#.##...##.#...........#
#
#......##.#.@.##>######
# #####.......O.##.#
#########.###.....##.#
#......##.####...###.#
.....#.##........###.#
#†#.###.######.......#
#.)## ##.# #...#####
#.#.###.## #...#
#.##.#.#### #...# {


You could see a two-headed ogre.

Vanquished Creatures
  A centaur (D:5)
  2 scorpions (D:5)
  A howler monkey (D:4)
  A hound (D:4)
  2 jellies (D:4)
  An orc priest (D:4)
  Jessica (D:3)
  An iguana (D:4)
  3 orc wizards
  6 adders
  2 dart slugs
  3 worms (D:2)
  5 orcs
  6 bats
  6 endoplasms
  2 giant cockroaches
  6 goblins
  7 hobgoblins
  7 jackals
  7 quokkas
  9 ball pythons
  4 frilled lizards
  2 kobolds (D:4)
  4 rats
89 creatures vanquished.

Vanquished Creatures (others)
  A plant (D:1)
1 creature vanquished.

Grand Total: 90 creatures vanquished

Notes
Turn   | Place    | Note
-------+----------+-------------------------------------------
     0 | D:1      | Hadkhar the Formicid Fighter began the quest for the Orb.
     0 | D:1      | Reached XP level 1. HP: 18/18 MP: 1/1
    92 | D:1      | Reached XP level 2. HP: 10/24 MP: 2/2
   332 | D:1      | Reached XP level 3. HP: 23/29 MP: 3/3
   394 | D:1      | Found a faded altar of an unknown god.
  1238 | D:2      | You fall into a shaft and drop 1 floor!
  1373 | D:2      | Reached XP level 4. HP: 34/37 MP: 4/4
  2170 | D:3      | Noticed Jessica
  2184 | D:3      | Killed Jessica
  2185 | D:3      | Reached XP level 5. HP: 25/42 MP: 5/5
  2405 | D:3      | Reached skill level 5 in Shields
  2761 | D:4      | Found Bohairr's Assorted Antiques.
  3157 | D:4      | Reached XP level 6. HP: 28/49 MP: 6/6
  3479 | D:4      | Found a shadowy altar of Dithmenos.
  3493 | D:4      | Found a shimmering altar of Xom.
  3493 | D:4      | Found a shimmering altar of Xom.
  3544 | D:4      | Found a stormy altar of Qazlal.
  3544 | D:4      | Found a hazy altar of Hepliaklqana.
  3544 | D:4      | Found a stormy altar of Qazlal.
  4261 | D:4      | Reached XP level 7. HP: 46/55 MP: 7/7
  4438 | D:5      | Entered Level 5 of the Dungeon
  4446 | D:4      | Bought a runed battleaxe for 180 gold pieces
  4459 | D:5      | Reached skill level 5 in Fighting
  4459 | D:5      | Reached skill level 5 in Armour
  4459 | D:5      | Reached skill level 6 in Shields
  4848 | D:5      | Noticed a two-headed ogre
  4867 | D:5      | Slain by a two-headed ogre

Illustrated notes

Levels and vault maps discovered:
D:1:      lightli_arrival_statuegarden, layout_loops_ring,
          hellmonk_ecumenical_altar_lost_god, minmay_3d_cube
D:2:      layout_basic, roderic_lattice_a
D:3:      minmay_skewed_foursquare, layout_basic, minmay_misc_feat_nine_boxes,
          kennysheep_jessica_study
D:4:      layout_loops_ring, doesnt_xom_only_xom, serial_shops,
          nicolae_stop_n_shop_2
D:5:      layout_loops_cross, okawaru_gym_becter, serial_shops, shop,
          corexii_shack, amcnicky_mini_pool_medium

Skill      XL: |  1  2  3  4  5  6  7 |
---------------+----------------------+-----
Fighting       | 4 5 |  5.4
Armour         | 4 5 |  5.4
Axes           | 3 4 |  4.3
Shields        | 5 6 |  6.4

Action                   |  1- 3 |  4- 6 |  7- 9 || total
-------------------------+-------+-------+-------++-------
Melee: War axe           |    94 |   126 |       ||   220
       Battleaxe         |       |       |    18 ||    18
  Use: Scroll            |       |     5 |       ||     5
       Potion            |       |       |     1 ||     1
Armor: Scale mail        |    48 |    50 |     7 ||   105
Dodge: Dodged            |    49 |    45 |     6 ||   100
Block: Buckler           |    26 |    69 |    16 ||   111
       Reflection        |       |     3 |     1 ||     4
